 Dungeon Crawl Stone Soup version 0.29.0-11-gd7f09526c8 (webtiles) character file.

Game seed: 15962863044276064774

19 Armakuni the Sneak (level 2, -1/25 HPs)
             Began as a Demigod Delver on Sept 2, 2022.
             Slain by a quokka (2 damage)
             ... summoned by a goblin
             ... on level 4 of the Dungeon.
             The game lasted 00:05:02 (1327 turns).

Armakuni the Sneak (Demigod Delver)                 Turns: 1327, Time: 00:05:03

Health: -1/25      AC:  4    Str: 13    XL:     2   Next: 39%
Magic:  4/4        EV: 11    Int: 12    God:
Gold:   23         SH:  5    Dex: 15    Spells: 1/1 levels left

rFire   . . .      SeeInvis .   a - +0 mace
rCold   . . .      Faith    .   (no shield)
rNeg    . . .      Spirit   .   b - +1 leather armour
rPois   .          Reflect  +   (no helmet)
rElec   .          Harm     .   (no cloak)
rCorr   .          Rampage  .   (no gloves)
Will    .....                   (no boots)
Stlth   +++.......              H - amulet of reflection
HPRegen 0.08/turn               (no ring)
MPRegen 0.09/turn               (no ring)

@: no status effects
A: high MP 1, forlorn, divine attributes
a: no special abilities


You were on level 4 of the Dungeon.
You visited 1 branch of the dungeon, and saw 5 of its levels.

You collected 23 gold pieces.

Inventory:

Hand Weapons
 a - a +0 mace (weapon)
Missiles
 h - a poisoned dart (quivered)
Armour
 b - a +1 leather armour (worn)
Jewellery
 H - an amulet of reflection (around neck)
Wands
 k - a wand of digging (3)
Scrolls
 c - a scroll of fog


   Skills:
 - Level 2.6 Fighting
 - Level 1.7(2.2) Maces & Flails
 + Level 1.9(2.3) Staves
 - Level 1.7 Dodging
 - Level 4.5 Stealth
 + Level 0.3 Spellcasting


You had one spell level left.
You didn't know any spells.
Your spell library contained the following spells:

 Spells                   Type           Power      Damage    Failure   Level
 Beastly Appendage        Tmut           0%         N/A       38%         1
 Wereblood                Tmut           0%         N/A       52%         2
 Spider Form              Tmut/Pois      0%         N/A       77%         3


Dungeon Overview and Level Annotations

Branches:
Dungeon (7/15)
 Temple: D:4-7

Annotations:
D:5 Edmund
D:6 Menkaure


Innate Abilities, Weirdness & Mutations

You have an increased reservoir of magic. (+10% MP)
You shall have no god before yourself.
Your divine heritage dramatically boosts your attributes as you level up.


Message History

No target in view!
A goblin comes into view. It is wielding a +0 dagger.
The goblin shouts!
A goblin comes into view. It is wielding a +0 dagger.
You barely miss the goblin. The goblin hits you but does no damage.
The goblin shouts!
You hit the goblin.
The goblin is severely wounded.
The goblin hits you with a +0 dagger.
The goblin reads a scroll.
Wisps of shadow swirl around the goblin.
The goblin hits you with a +0 dagger.
You barely miss the goblin.
The goblin is severely wounded.
You block the quokka's attack. The goblin hits you but does no damage.
You completely miss the goblin.
The goblin is severely wounded.
The quokka bites you but does no damage.
You block the goblin's attack. The goblin closely misses you.
The quokka bites you but does no damage.
You block the hobgoblin's attack.
You closely miss the goblin. Your punch misses the goblin.
The goblin is severely wounded.
The goblin closely misses you. The goblin hits you with a +0 dagger.
You block the hobgoblin's attack. The goblin hits you with a +0 dagger.
The goblin completely misses you. The quokka completely misses you.
You closely miss the goblin.
The goblin is severely wounded.
The hobgoblin hits you. The quokka closely misses you.
The goblin hits you with a +0 dagger. The goblin hits you but does no damage.
The hobgoblin hits you.
You closely miss the goblin.
The goblin is severely wounded.
The quokka bites you.
* * * LOW HITPOINT WARNING * * *
The goblin hits you with a +0 dagger.
* * * LOW HITPOINT WARNING * * *
The goblin hits you but does no damage. The hobgoblin hits you.
* * * LOW HITPOINT WARNING * * *
The quokka bites you.
You die...

*,,,,,,,,,,,,,,,,* *,...,* #.#
*,,,,,,,,*,..##,** ****######.##
************..#.# *,,.........# *
###########.#.# *,,.........## *
#...........#.# *,,...........
###.............# *,....[.....#.
...............#####...........#.
...###...........gK............#.
...###.#####....@gK.....########.
.....#.# #....rg......# #.
...#.#.### #............# #.
...#.....# ###..........# #.
.....#.#.# #..........# #.
...#.#.#.# #..........# #.
...#.#.#.### #..........# #<
####.#.#...# #..........# ##
#...†.#.# #.........,*


You could see a quokka (summoned), a hobgoblin (summoned), 2 goblins and 2
kobolds.

Vanquished Creatures
  2 orcs
  2 ball pythons
  An endoplasm (D:3)
  A giant cockroach (D:4)
  A goblin (D:4)
  2 hobgoblins (D:4)
  4 jackals (D:4)
  A rat (D:3)
14 creatures vanquished.

Notes
Turn   | Place    | Note
-------+----------+-------------------------------------------
     0 | D:5      | Armakuni the Demigod Delver began the quest for the Orb.
     0 | D:5      | Reached XP level 1. HP: 18/18 MP: 3/3
   105 | D:6      | Noticed an orc priest
   120 | D:6      | Noticed Menkaure
   208 | D:5      | Noticed a jelly
   229 | D:4      | Reached skill level 1 in Staves
   325 | D:5      | Noticed Edmund
   325 | D:5      | Noticed a phantom
   421 | D:4      | Reached XP level 2. HP: 25/25 MP: 4/4
  1327 | D:4      | HP: 1/25 [hobgoblin[a goblin] (2)]
  1327 | D:4      | Slain by a quokka

Illustrated notes

Levels and vault maps discovered:
D:3:      minmay_thinvault, layout_basic, mainiacjoe_overflow_alcove_4,
          serial_shops, shop_fountains
D:4:      cheibrodos_greedy_goblins, layout_basic, st_stairs_4
D:5:      layout_basic, minmay_temple_entry_proselytizer,
          cheibrodos_sewer_entry_bend, amcnicky_mini_pool_small, uniq_edmund
D:6:      layout_loops_ring, uniq_menkaure, uniq_maggie
D:7:      layout_rooms

Skill      XL: |  1 |
---------------+----+-----
Staves         | 1 |  1.9
Fighting       | |  2.6
Maces & Flails | |  1.7
Dodging        | |  1.7
Stealth        | |  4.5
Spellcasting   | |  0.3

Action                   || total
-------------------------++-------
Melee: Mace              ||    47
Throw: Dart              ||     8
  Use: Scroll            ||     5
       Potion            ||     1
 Stab: Distracted        ||     1
       Sleeping          ||     1
Armor: Leather armour    ||    20
Dodge: Dodged            ||    35
Block: Other             ||     5
